[Event "Late-Titled-Tuesday-Blitz-February-27-2024"]
[Site "Chess.com"]
[Date "2024.02.27"]
[Round "10"]
[White "Rawnsdale"]
[Black "NCchamp"]
[Result "1-0"]
[WhiteElo "2513"]
[BlackElo "2358"]
[TimeControl "180+1"]
[EndTime "15:54:56 PST"]
[Termination "Rawnsdale won by checkmate"]

1. e4 c6 2. Nf3 d5 3. Nc3 dxe4 4. Nxe4 Nf6 5. Qe2 Nxe4 6. Qxe4 Qd5 7. Qf4 Qf5 8. d3 Qxf4 9. Bxf4 Bf5 10. O-O-O e6 11. d4 Nd7 12. Bd3 Bxd3 13. Rxd3 Nf6 14. Re1 Nd5 15. Bd2 Nb4 16. Rb3 a5 17. a3 a4 18. Rxb4 Bxb4 19. Bxb4 h5 20. h4 Rd8 21.
g3 Rd5 22. c4 Rd8 23. Kc2 Rh6 24. Ne5 f6 25. Nf3 Kf7 26. Bc3 Rg6 27. Nd2 Rg4 28.
Ne4 b6 29. c5 bxc5 30. dxc5 Rd5 31. b3 axb3+ 32. Kxb3 Ke7 33. a4 f5 34. Ng5 Kd7 35. Nxe6 Re4 36. Rxe4 fxe4 37. Nxg7 Rxc5 38. a5 Rf5 39.
Nxf5 Kc7 40. Ne3 Kb7 41. Kc4 Ka6 42. Kc5 Ka7 43. Kxc6 Ka6 44. Kd5 Ka7 45. Kxe4 Ka6 46. Kf5 Ka7 47. Kg5 Ka6 48. Kxh5 Ka7 49. Kg5 Ka6 50.
h5 Ka7 51. h6 Ka6 52. h7 Ka7 53. h8=Q Ka6 54. Qf6+ Ka7 55. Bd4+ Ka8 56. Qc6+ Kb8 57.
Be5+ Ka7 58. Qb6+ Ka8 59. Qb8# 1-0

[Event "Late-Titled-Tuesday-Blitz-February-27-2024"]
[Site "Chess.com"]
[Date "2024.02.27"]
[Round "10"]
[White "Bugcrusher"]
[Black "Fonsofan"]
[Result "1-0"]
[WhiteElo "2601"]
[BlackElo "2737"]
[TimeControl "180+1"]
[EndTime "15:55:02 PST"]
[Termination "Bugcrusher won by resignation"]

1. d4 b5 2. e4 Bb7 3. Bxb5 Bxe4 4. Nf3 e6 5. Nc3 Bc6 6. Bd3 Nf6 7. O-O Be7 8. Re1 O-O 9. Ne5 Bb7 10. Re3 d6 11. Rh3 Nbd7 12. Nxd7 Qxd7 13. Bxh7+ Nxh7 14. Qh5 f5 15. Qxh7+ Kf7 16. Bh6 Bf6 17. Rg3 Rg8 18.
Qg6+ Ke7 19. Bg5 Raf8 20. Re1 Bxg5 21. Qxg5+ Rf6 22. Ne2 e5 23. Nf4 Kf7 24. Nh5 Rh6 25. Nxg7 Rf6 26. Qh5+ Kf8 27. Qg5 Rf7 28. Ne6+ Qxe6 29.
Qd8+ 1-0

[Event "Late-Titled-Tuesday-Blitz-February-27-2024"]
[Site "Chess.com"]
[Date "2024.02.27"]
[Round "10"]
[White "tteshan"]
[Black "janhelmer03"]
[Result "0-1"]
[WhiteElo "2589"]
[BlackElo "2415"]
[TimeControl "180+1"]
[EndTime "15:55:04 PST"]
[Termination "janhelmer03 won by resignation"]

1. e4 c5 2. c3 Nf6 3. e5 Nd5 4. Nf3 Nc6 5. Bc4 Nb6 6. Bb3 d6 7.
exd6 Qxd6 8. O-O c4 9. Bc2 Bg4 10. Re1 Qf6 11. b3 O-O-O 12. bxc4 Bxf3 13. gxf3 e5 14. Qe2 Bc5 15. Be4 Qg5+ 16. Kh1 Qh4 17. Kg2 Rd6 18. d3 g5 19. Be3 Rh6 20. Bf5+ Kb8 21. h3 Bxe3 22. Qxe3 f6 23. Qe4 Ne7 24.
Qxh4 gxh4 25. Be6 Ng6 26. Kf1 Nf4 27. Bf5 Rh5 28. Bg4 Rg5 29. Nd2 h5 30. Ne4 Rg7 31.
Nxf6 hxg4 32. Nxg4 Nxh3 33. Rxe5 Nf4 34. Rd1 h3 35. Nh2 Rg2 36. Rf5 Rxh2 37. Rxf4 Rh1+ 38.
Ke2 Rxd1 0-1

[Event "Late-Titled-Tuesday-Blitz-February-27-2024"]
[Site "Chess.com"]
[Date "2024.02.27"]
[Round "10"]
[White "Hrant_ChessMood"]
[Black "Firouzja2003"]
[Result "0-1"]
[WhiteElo "3008"]
[BlackElo "3076"]
[TimeControl "180+1"]
[EndTime "15:55:06 PST"]
[Termination "Firouzja2003 won on time"]

1. Nf3 Nf6 2. c4 g6 3. g3 Bg7 4. Bg2 O-O 5. O-O d6 6. Nc3 e5 7. d3 Nbd7 8. Rb1 Re8 9. Nd2 c6 10. b4 Nf8 11. b5 d5 12. bxc6 bxc6 13. Qa4 Bd7 14. Qa6 Ne6 15. Ba3 Ng5 16. cxd5 cxd5 17.
Nxd5 Nxd5 18. Bxd5 Bg4 19. Bf3 Nxf3+ 20. Nxf3 Qd5 21.
Kg2 Qxa2 22. Rb2 Qd5 23. Qb5 Qe6 24. Rc1 e4 25. dxe4 Bxb2 26. Qxb2 Qxe4 27. h3 Bf5 28. Re1 Rab8 29. Qc3 Rec8 30. Qf6 Qe6 31. Qd4 Bxh3+ 32. Kh2 f6 33. Qxa7 Ra8 34. Qe7 Re8 35. Qxe6+ Bxe6 36. Bb2 Bg4 37. Nd4 Ra2 38. Bc3 Bxe2 39. Nb5 Bxb5 0-1

[Event "Late-Titled-Tuesday-Blitz-February-27-2024"]
[Site "Chess.com"]
[Date "2024.02.27"]
[Round "10"]
[White "Rutricks"]
[Black "temus_galaktionov"]
[Result "0-1"]
[WhiteElo "2700"]
[BlackElo "2915"]
[TimeControl "180+1"]
[EndTime "15:55:06 PST"]
[Termination "temus_galaktionov won on time"]

1. c4 c6 2. Nf3 g6 3. Nc3 Bg7 4. e4 d6 5. d4 Nd7 6. h3 e5 7. Be2 Ngf6 8. O-O O-O 9. Be3 a5 10. Qc2 exd4 11. Nxd4 Re8 12. Rad1 Qe7 13. Bd3 Nc5 14.
Rfe1 Nxd3 15. Qxd3 Nd7 16. Bf4 Ne5 17. Qf1 a4 18.
Bc1 Be6 19. Nxe6 Qxe6 20. f4 Nd7 21. f5 Qe7 22. e5 Bxe5 23. Ne4 f6 24. Qf3 Nc5 25.
fxg6 hxg6 26. Nxd6 Bd4+ 27. Be3 Bxe3+ 28. Kf1 Qe6 29.
Nxe8 Rxe8 30. Re2 f5 31. g3 Qxc4 32. Kg2 Re4 33. Rde1 Bg5 34. g4 Qd3 35. Qxd3 Nxd3 36. Rxe4 fxe4 37. Rxe4 Nxb2 38. Rb4 a3 39. Rxb7 c5 0-1

[Event "Late-Titled-Tuesday-Blitz-February-27-2024"]
[Site "Chess.com"]
[Date "2024.02.27"]
[Round "10"]
[White "Ar4uha"]
[Black "Alphafischer2019"]
[Result "0-1"]
[WhiteElo "2602"]
[BlackElo "2708"]
[TimeControl "180+1"]
[EndTime "15:55:08 PST"]
[Termination "Alphafischer2019 won by resignation"]

1. e4 c5 2. Nf3 Nc6 3. Bb5 Nf6 4.
Nc3 Qc7 5. O-O e5 6. a4 Nd4 7. Bc4 d6 8. h3 Be7 9. d3 O-O 10.
Bg5 Qd8 11. Bxf6 Bxf6 12. Nd5 g6 13. c3 Nc6 14. Nxf6+ Qxf6 15. Ne1 Be6 16. Nc2 Rfd8 17. Ne3 Ne7 18. Qb3 Bxc4 19. Qxc4 h5 20. a5 Kg7 21.
Ra3 Rd7 22. Rb3 Rc8 23. Nd5 Nxd5 24. Qxd5 Rcc7 25. Ra3 Qe6 26. Qxe6 fxe6 27. f4 exf4 28. Rxf4 g5 29. Rf2 Rf7 30. Rxf7+ Rxf7 31. Ra1 a6 32. Rf1 Rd7 33. Kf2 d5 34. Ke3 d4+ 35. Kd2 Kg6 36. e5 Rf7 37. Rxf7 Kxf7 38. cxd4 cxd4 39.
g4 hxg4 40. hxg4 Ke7 41. Kc2 Kd7 42. Kb3 Kc7 43. Kc4 Kc6 44. b3 b6 45. axb6 Kxb6 46.
Kxd4 Kb5 47. Kc3 Kc5 48. d4+ Kd5 49. Kd3 a5 50. Ke3 Kc6 51. Ke4 a4 52. d5+ exd5+ 53. Kd3 axb3 54. Kc3 d4+ 55. Kxb3 Kd5 56. e6 Kxe6 57. Kc4 Ke5 58. Kd3 Kd5 0-1

[Event "Late-Titled-Tuesday-Blitz-February-27-2024"]
[Site "Chess.com"]
[Date "2024.02.27"]
[Round "10"]
[White "Seochesspie"]
[Black "nindjaxx8"]
[Result "0-1"]
[WhiteElo "2868"]
[BlackElo "2710"]
[TimeControl "180+1"]
[EndTime "15:55:10 PST"]
[Termination "nindjaxx8 won by resignation"]

1. e4 e6 2. d4 d5 3. e5 c5 4. c3 Nc6 5. Nf3 Qb6 6. a3 Nh6 7. b4 cxd4 8. Bxh6 gxh6 9. cxd4 Bd7 10. Nc3 Nxb4 11. Na4 Bxa4 12. Qxa4+ Nc6 13. Bb5 a6 14. Bxc6+ Qxc6 15. Qb3 Bg7 16. O-O O-O 17. Rab1 b5 18.
Rfc1 Qd7 19. Rc3 Rfc8 20. Rbc1 Rxc3 21. Qxc3 Bf8 22. g3 a5 23. h4 b4 24. axb4 axb4 25. Qe3 b3 26. Qxb3 Ra3 27. Qd1 Qa7 28. Kg2 Ra2 29.
Rc8 Qa6 30. Re8 Qb5 31. Rc8 Qb2 32. Qe1 Qb5 33. Qe3 Ra1 34. Kh3 Qf1+ 35. Kg4 Qb1 36. Kh3 Qf1+ 37. Kg4 Qb1 38. Qf4 h5+ 0-1

[Event "Late-Titled-Tuesday-Blitz-February-27-2024"]
[Site "Chess.com"]
[Date "2024.02.27"]
[Round "10"]
[White "picturesquecheck"]
[Black "xasid81"]
[Result "1-0"]
[WhiteElo "2433"]
[BlackElo "2582"]
[TimeControl "180+1"]
[EndTime "15:55:10 PST"]
[Termination "picturesquecheck won by resignation"]

1. e4 c6 2. d4 d5 3. exd5 cxd5 4. Bd3 Nc6 5. c3 g6 6. Nf3 Bg7 7. O-O Nf6 8. Re1 O-O 9. Na3 Bf5 10. Bf1 a6 11. Nc2 Rc8 12. h3 Bxc2 13. Qxc2 b5 14.
Qd1 Qb6 15. a3 a5 16. Bf4 b4 17. axb4 axb4 18. Ra6 Qb7 19. Qb3 Rfd8 20. Rea1 Rd7 21. Qa4 bxc3 22. bxc3 Ne4 23. Bb5 Nxc3 24. Bxc6 Nxa4 25.
Bxb7 Rxb7 26. R6xa4 f6 27. Ra7 Rxa7 28. Rxa7 Kf7 29.
Bd6 Bf8 30. Bc5 Rb8 31. g4 Rb3 32. Kg2 Rc3 33. g5 Ke6 34. gxf6 Kxf6 35. h4 h6 36. Ne5 Bg7 37. Rxe7 Rxc5 38. Rf7+ Ke6 39. Rxg7 Rc1 40. Rxg6+ Kf5 41. Rxh6 Rd1 42. Nf3 Kg4 43. Rg6+ Kh5 44. Rg5+ Kh6 45. Rxd5 Rd2 46. Re5 Rd3 47. d5 Rd1 48.
Re6+ Kh5 49. d6 Kg4 50. Re4+ Kh5 51. Rd4 1-0

[Event "Late-Titled-Tuesday-Blitz-February-27-2024"]
[Site "Chess.com"]
[Date "2024.02.27"]
[Round "10"]
[White "nihalsarin"]
[Black "Andreikka"]
[Result "1-0"]
[WhiteElo "3190"]
[BlackElo "2956"]
[TimeControl "180+1"]
[EndTime "15:55:14 PST"]
[Termination "nihalsarin won on time"]

1. d4 Nf6 2. c4 e6 3. Nf3 d5 4. Nc3 h6 5. g3 Nc6 6. Bg2 Bd6 7. O-O O-O 8. e3 Re8 9. b3 dxc4 10. bxc4 e5 11.
Bb2 exd4 12. exd4 Bf5 13. Nb5 Nb4 14. Nh4 Bd3 15. Qb3 Bxf1 16. Rxf1 Bf8 17. d5 c6 18. Bxf6 gxf6 19. Nc3 Rb8 20. a3 Nd3 21. Ne4 Nc5 22.
Nxc5 Bxc5 23. Nf5 Bf8 24. Qf3 Re5 25. Qg4+ Kh8 26. Qf4 Kh7 27. dxc6 bxc6 28. Nd4 Rc8 29. Nxc6 Rxc6 30. Bxc6 Qd3 31. Qxf6 Rf5 32. Qh4 Re5 33. Qf4 1-0

[Event "Late-Titled-Tuesday-Blitz-February-27-2024"]
[Site "Chess.com"]
[Date "2024.02.27"]
[Round "10"]
[White "MKlose11"]
[Black "The_Machine04"]
[Result "0-1"]
[WhiteElo "2630"]
[BlackElo "2819"]
[TimeControl "180+1"]
[EndTime "15:55:14 PST"]
[Termination "The_Machine04 won by resignation"]

1. e4 d6 2. Nc3 Nf6 3. d4 e5 4. Bc4 Be7 5. Nf3 Nbd7 6. O-O c6 7. a4 h6 8. Be3 Qc7 9. h3 Nf8 10. Qd2 g5 11. Rad1 Ng6 12. b4 g4 13. hxg4 Bxg4 14. Be2 h5 15. b5 h4 16. Ng5 Qc8 17. f3 Bd7 18. Bc4 Rf8 19. dxe5 dxe5 20. f4 Ng4 21. Nxf7 Nxe3 22. Qxe3 Rxf7 23. Bxf7+ Kxf7 24. f5 Nf4 25. Qd2 Be8 26. Ne2 Nxe2+ 27. Qxe2 Bf6 28. Rd6 cxb5 29.
Rfd1 Qc4 30. Qh5+ Ke7 31. Re6+ Qxe6 32. fxe6 Bxh5 0-1

[Event "Late-Titled-Tuesday-Blitz-February-27-2024"]
[Site "Chess.com"]
[Date "2024.02.27"]
[Round "10"]
[White "katharinareinecke"]
[Black "jinxy2009"]
[Result "0-1"]
[WhiteElo "1995"]
[BlackElo "2173"]
[TimeControl "180+1"]
[EndTime "15:55:14 PST"]
[Termination "jinxy2009 won by checkmate"]

1. e4 c5 2. Nf3 Nc6 3. Bb5 g6 4. Bxc6 dxc6 5. d3 Bg7 6. Nc3 Nf6 7. h3 Nd7 8. Be3 e5 9. Qd2 h6 10. O-O-O Qe7 11. g4 Nf8 12. h4 Ne6 13. h5 g5 14.
Ne2 Nf4 15. Rhg1 Be6 16. Kb1 O-O-O 17. Ng3 Bxg4 18. Nf5 Bxf5 19. exf5 b6 20. Rde1 Qf6 21. Bxf4 exf4 22. c3 Qxf5 23. Ka1 Qxd3 24. Qxd3 Rxd3 25. Ne5 Bxe5 26. Rxe5 Rhd8 27. a3 Rd1+ 28. Rxd1 Rxd1+ 29. Ka2 Rf1 30. Re7 Rxf2 31. Rxf7 g4 32. Rf6 g3 33. Rxh6 g2 34. Rg6 f3 35. h6 Rf1 36. h7 Rh1 37.
Rg8+ Kb7 38. h8=Q Rxh8 39. Rxh8 g1=Q 40. Rh7+ Ka6 41. c4 f2 42. a4 f1=Q 43. a5 Qxc4+ 44. Ka3 Qa1# 0-1

[Event "Late-Titled-Tuesday-Blitz-February-27-2024"]
[Site "Chess.com"]
[Date "2024.02.27"]
[Round "10"]
[White "ckgchess"]
[Black "Goryachkina"]
[Result "1-0"]
[WhiteElo "2886"]
[BlackElo "2694"]
[TimeControl "180+1"]
[EndTime "15:55:15 PST"]
[Termination "ckgchess won on time"]

1. e4 c5 2. c3 Nf6 3. e5 Nd5 4. d4 cxd4 5. Bc4 Nb6 6. Bb3 d6 7. Nf3 Nc6 8. exd6 Qxd6 9. O-O Bf5 10. Nxd4 Nxd4 11. cxd4 e6 12. Nc3 Be7 13. Qf3 O-O 14. d5 Bf6 15. Rd1 Qb4 16. dxe6 Bxe6 17. Bxe6 fxe6 18. Qxb7 Bd4 19. Ne4 Rad8 20. Bg5 Bxb2 21. Bxd8 Bxa1 22. Be7 Qa4 23. Rxa1 Rc8 24. h3 Qd4 25.
Re1 h6 26. Bc5 Rxc5 27. Nxc5 Qxc5 28. Qxa7 Qc3 29. Qb8+ Kh7 30. Qe5 Qd2 31. Qe2 Qd4 32.
Qe4+ 1-0

[Event "Late-Titled-Tuesday-Blitz-February-27-2024"]
[Site "Chess.com"]
[Date "2024.02.27"]
[Round "10"]
[White "zsizsi99"]
[Black "ameetghasi100"]
[Result "0-1"]
[WhiteElo "2514"]
[BlackElo "2765"]
[TimeControl "180+1"]
[EndTime "15:55:15 PST"]
[Termination "ameetghasi100 won by resignation"]

1. e4 g6 2. d4 Bg7 3. Nc3 d6 4. f4 e6 5. Nf3 Ne7 6. Bd3 O-O 7.
Qe2 Nd7 8. e5 c5 9. Ne4 d5 10.
Nxc5 Nxc5 11. dxc5 Qa5+ 12. c3 Qxc5 13. Be3 Qc7 14.
h4 Nf5 15. Bf2 h5 16. Nh2 f6 17. g4 fxe5 18. fxe5 Ne7 19. gxh5 Qxe5 20. Qxe5 Bxe5 21. hxg6 Nf5 22. Ng4 Bf4 23. h5 e5 24. c4 e4 25.
Bc2 Ng3 26. Rg1 Bxg4 27. Bxg3 Be3 28. Rh1 Bf3 29. Rh2 d4 30. Bd1 d3 31. Bxf3 Rxf3 32.
Bf2 Bh6 33. Kf1 e3 34. Rd1 e2+ 35. Kg2 exd1=Q 0-1

[Event "Late-Titled-Tuesday-Blitz-February-27-2024"]
[Site "Chess.com"]
[Date "2024.02.27"]
[Round "10"]
[White "KorolDimitriy75"]
[Black "FredddieCroderg"]
[Result "0-1"]
[WhiteElo "2423"]
[BlackElo "2294"]
[TimeControl "180+1"]
[EndTime "15:55:16 PST"]
[Termination "FredddieCroderg won on time"]

1. d4 d5 2. c4 e6 3. Nc3 Nf6 4. Bg5 Be7 5. cxd5 exd5 6. e3 O-O 7.
Bd3 Re8 8. Qc2 h6 9. Bh4 c5 10. Nge2 c4 11. Bf5 Nc6 12. a3 Be6 13. O-O Qd7 14. Bxe6 fxe6 15. Rad1 Rab8 16. f3 b5 17.
Bg3 Rb7 18. e4 a5 19. e5 Nh7 20. f4 b4 21. Nb1 b3 22. Qd2 Rf8 23. Nbc3 Bd8 24.
Bf2 Ne7 25. g4 Bb6 26. Be3 Kh8 27. Rf2 Qe8 28. Ng3 Qg6 29. h3 a4 30. Kg2 Ba5 31. Rc1 Nf5 32. gxf5 Rxf5 33. Qe2 Rbf7 34. Qg4 Nf8 35. Qxg6 Nxg6 36. Nxf5 Rxf5 37. Kg3 h5 38. h4 Ne7 39. Bd2 Rf7 40. Rd1 Nf5+ 41. Kh3 Bd8 42. Ne2 Bxh4 43. Rg2 Be7 44. Rf1 Kh7 45. Bc3 h4 46. Rf3 Kh6 47. Rg4 Kh5 0-1

[Event "Late-Titled-Tuesday-Blitz-February-27-2024"]
[Site "Chess.com"]
[Date "2024.02.27"]
[Round "10"]
[White "PositionalPanther"]
[Black "emeli_chess"]
[Result "1/2-1/2"]
[WhiteElo "2508"]
[BlackElo "2445"]
[TimeControl "180+1"]
[EndTime "15:55:17 PST"]
[Termination "Game drawn by repetition"]

1. Nf3 f5 2. d3 d6 3. e4 e5 4.
exf5 Bxf5 5. d4 Nc6 6. dxe5 dxe5 7.
Qxd8+ Rxd8 8. Bb5 Bd6 9. Bxc6+ bxc6 10. c3 Nf6 11. Be3 O-O 12. Nbd2 Nd5 13. Bg5 Rb8 14.
Nc4 Bd3 15. Nxd6 cxd6 16. Bc1 Nf4 17. Bxf4 Rxf4 18. O-O-O Ra4 19. Rxd3 e4 20. Rxd6 exf3 21. gxf3 Rxa2 22. Rhd1 Rbxb2 23. Rd7 Rc2+ 24. Kb1 Rab2+ 25. Ka1 a5 26. Ra7 h6 27. Rdd7 Ra2+ 28. Kb1 Rcb2+ 29. Kc1 Rxf2 30. Rxg7+ Kh8 31. Rh7+ Kg8 32. Rhg7+ Kh8 33. Rh7+ Kg8 34. Rhg7+ 1/2-1/2

[Event "Late-Titled-Tuesday-Blitz-February-27-2024"]
[Site "Chess.com"]
[Date "2024.02.27"]
[Round "10"]
[White "jaskol95"]
[Black "gahryman"]
[Result "0-1"]
[WhiteElo "2575"]
[BlackElo "2701"]
[TimeControl "180+1"]
[EndTime "15:55:22 PST"]
[Termination "gahryman won by checkmate"]

1. e4 c5 2. Nf3 Nc6 3. b4 cxb4 4. d4 d5 5. exd5 Qxd5 6. c4 Qd6 7. d5 Ne5 8. Bb2 Nxf3+ 9. Qxf3 Nf6 10. Bd3 g6 11. c5 Qxc5 12. Bxf6 exf6 13. O-O Be7 14.
Nd2 O-O 15. Ne4 Qd4 16. d6 Bd8 17. Rad1 f5 18. Ng3 Qc3 19. Rc1 Qf6 20. Bb5 Be6 21. Qxb7 Bb6 22. Rfd1 Rad8 23. Ne2 Qe5 24. Ba6 Rxd6 25.
Re1 Rd2 26. Qf3 Bd5 27. Qh3 Re8 28. Qh6 f4 29. h4 Bxf2+ 30. Kxf2 Qe3+ 31. Kf1 Bxg2+ 32. Kxg2 f3+ 33. Kh1 Qxh6 34. Ng3 Qxh4+ 35. Kg1 Qxg3+ 36.
Kf1 Qg2# 0-1

[Event "Late-Titled-Tuesday-Blitz-February-27-2024"]
[Site "Chess.com"]
[Date "2024.02.27"]
[Round "10"]
[White "db-banana"]
[Black "chessydotcom"]
[Result "0-1"]
[WhiteElo "2469"]
[BlackElo "2349"]
[TimeControl "180+1"]
[EndTime "15:55:29 PST"]
[Termination "chessydotcom won by resignation"]

1. e4 c5 2. Nf3 e6 3. d3 Nc6 4. g3 Nge7 5. Bg2 g6 6. O-O Bg7 7. c3 d5 8. exd5 Nxd5 9. Bg5 Qc7 10. d4 cxd4 11. Nxd4 Nxd4 12. cxd4 O-O 13. Nd2 Bxd4 14. Rc1 Qb6 15. Nc4 Qc5 16. Ne5 Qb4 17. Ng4 Bxb2 18. Rb1 Nc3 19. Rxb2 Qxb2 20. Qf3 f5 21. Nh6+ Kg7 22. Bc1 Ne2+ 23. Kh1 Nxc1 24. Qf4 Nd3 25. Qc7+ Kxh6 26. g4 fxg4 27. Qe7 Qf6 28. Qa3 Nxf2+ 29. Kg1 Kg7 30. Rc1 Nh3+ 31. Bxh3 Qf2+ 32. Kh1 Qf3+ 33. Qxf3 gxf3 34. Rc7+ Rf7 0-1

[Event "Late-Titled-Tuesday-Blitz-February-27-2024"]
[Site "Chess.com"]
[Date "2024.02.27"]
[Round "10"]
[White "LUISMIGUELOV"]
[Black "cthake"]
[Result "1-0"]
[WhiteElo "2188"]
[BlackElo "1834"]
[TimeControl "180+1"]
[EndTime "15:55:30 PST"]
[Termination "LUISMIGUELOV won by resignation"]

1. e4 e6 2. b3 d5 3. Bb2 d4 4.
c3 c5 5. cxd4 cxd4 6. Nf3 Nc6 7.
Bb5 Bc5 8. O-O Ne7 9. d3 a6 10. Bxc6+ Nxc6 11. Nbd2 O-O 12. Rc1 Bb6 13. Nc4 Ba7 14.
a4 Re8 15. e5 Bb8 16. Re1 Qd5 17. Re4 Bc7 18. Nxd4 Nxd4 19. Rxd4 Qc6 20. Nd6 Bxd6 21.
Rxc6 Bxe5 22. Rc2 Bxd4 23. Bxd4 Bd7 24. f3 Bc6 25. Qe1 Rad8 26. Qe5 f6 27. Qe3 e5 28. Bb6 Rd5 29. h4 Kf7 30. h5 Re7 31. Rc3 Red7 32. h6 g6 33. a5 Bb5 34. Rc7 Bxd3 35. Rxd7+ Rxd7 36. f4 e4 37. f5 g5 38. Qh3 Be2 39.
Kf2 Rd2 40. Ke3 Rd3+ 41. Kxe2 Rxh3 42. gxh3 Ke7 43. Ke3 Kd6 44. Kxe4 Kc6 45. Bd4 1-0

[Event "Late-Titled-Tuesday-Blitz-February-27-2024"]
[Site "Chess.com"]
[Date "2024.02.27"]
[Round "10"]
[White "Beca95"]
[Black "ArtemDyachuk"]
[Result "0-1"]
[WhiteElo "2937"]
[BlackElo "2740"]
[TimeControl "180+1"]
[EndTime "15:55:31 PST"]
[Termination "ArtemDyachuk won by resignation"]

1. e4 e5 2. Nc3 Nc6 3. f4 exf4 4. d4 Qh4+ 5. Ke2 d6 6. Nf3 Bg4 7. Bxf4 O-O-O 8. Ke3 Qh5 9. h3 Bxf3 10. Qxf3 Qa5 11. Rd1 Nf6 12. a3 a6 13. g4 g6 14. Kf2 Bg7 15. Be3 h6 16. Bc4 Rhf8 17. Kg2 Kb8 18. Rhe1 Nd7 19. Nd5 Bxd4 20. Rxd4 Nxd4 21. Qf2 Nxc2 22.
Rc1 Nxe3+ 23. Qxe3 Qc5 24. Qd2 Ne5 25. Bf1 Qa7 26. Rxc7 f5 27. Rc3 fxe4 28. Qe1 Nf3 29. Qe3 Qxe3 30. Rxe3 Rc8 31. Nc3 d5 32. Nxd5 Rc2+ 33. Re2 Rxe2+ 34. Bxe2 Nd4 35. Nc3 Nxe2 36. Nxe2 Rf3 37. Nd4 Rd3 38. Ne6 Rd2+ 39. Kg3 Rxb2 40. Nf4 Rb3+ 41. Kf2 Rf3+ 0-1

[Event "Late-Titled-Tuesday-Blitz-February-27-2024"]
[Site "Chess.com"]
[Date "2024.02.27"]
[Round "10"]
[White "GlavkonVVS"]
[Black "jk13"]
[Result "0-1"]
[WhiteElo "2523"]
[BlackElo "2675"]
[TimeControl "180+1"]
[EndTime "15:55:31 PST"]
[Termination "jk13 won by resignation"]

1. c4 e6 2. Nc3 Bb4 3. d4 Nf6 4. Nf3 c5 5. dxc5 Na6 6. Bd2 Nxc5 7. Nb5 Bxd2+ 8. Qxd2 O-O 9. Nd6 Nfe4 10. Nxe4 Nxe4 11.
Qd4 Qa5+ 12. Nd2 f5 13. f3 e5 14. Qd3 Nxd2 15. Qxd2 Qc5 16. e3 d6 17. b4 Qc7 18.
Be2 a5 19. O-O axb4 20. Qxb4 Be6 21. Rfd1 Rfd8 22. a4 Ra5 23. Rab1 Rd7 24. f4 Rc5 25. Rdc1 exf4 26. exf4 d5 27. Qb6 Kf7 28. Re1 Qxb6 29. Rxb6 dxc4 30. Bh5+ g6 31. Rbxe6 gxh5 32. Rh6 Kg7 33.
Rxh5 c3 34. Rc1 c2 35. Kf2 Rd1 36. Rg5+ Kf6 37. Rxc2 Rxc2+ 0-1

[Event "Late-Titled-Tuesday-Blitz-February-27-2024"]
[Site "Chess.com"]
[Date "2024.02.27"]
[Round "10"]
[White "fandebobbyfischer"]
[Black "Josetricks"]
[Result "1-0"]
[WhiteElo "2686"]
[BlackElo "2481"]
[TimeControl "180+1"]
[EndTime "15:55:32 PST"]
[Termination "fandebobbyfischer won by resignation"]

1. e4 g6 2. d4 Bg7 3. c3 c6 4. Nf3 d5 5. e5 Bg4 6. Be2 f6 7. exf6 Nxf6 8. O-O O-O 9. Ne5 Bf5 10. Nd2 Nfd7 11. Ndf3 Nxe5 12. dxe5 Nd7 13. Nd4 Nxe5 14. Nxf5 Rxf5 15. Be3 Qd6 16. Qb3 b6 17. Rad1 e6 18. c4 Re8 19. Qa4 Nd7 20. Qxa7 Bxb2 21. cxd5 exd5 22. Bg4 Rf7 23. Bxd7 Rxd7 24. Qxb6 Be5 25.
g3 Rb8 26. Qa6 Rdb7 27. Rc1 Rc7 28. Rfd1 Rbc8 29. a4 Qe7 30. a5 Qf6 31. Bb6 Rf7 32. Qxc8+ Rf8 33. Qxc6 Qf5 34. Qxd5+ Kg7 35. Qxe5+ 1-0

[Event "Late-Titled-Tuesday-Blitz-February-27-2024"]
[Site "Chess.com"]
[Date "2024.02.27"]
[Round "10"]
[White "TheMagician"]
[Black "Akhayan"]
[Result "1-0"]
[WhiteElo "2189"]
[BlackElo "2418"]
[TimeControl "180+1"]
[EndTime "15:55:33 PST"]
[Termination "TheMagician won by resignation"]

1. c4 f5 2. Nc3 Nf6 3. g3 e6 4. Bg2 c6 5. Nf3 d5 6. cxd5 exd5 7. d4 Bd6 8. O-O O-O 9. Ne1 Qe7 10. Nd3 Ne4 11. Bf4 Nd7 12. Bxd6 Qxd6 13. Rc1 Ndf6 14. e3 Nxc3 15. bxc3 Ne4 16. c4 Be6 17. c5 Qe7 18. Qc2 Rae8 19. Rb1 Bc8 20. Rbe1 Kh8 21. Re2 Qg5 22. f4 Qh5 23. Bf3 Qg6 24. Ne5 Qf6 25. a4 g5 26. Bxe4 fxe4 27. Ref2 g4 28. a5 a6 29. Rb1 Kg7 30. Qd1 h5 31. Rfb2 Re7 32. Qe1 Qf5 33. Rb4 Rh8 34. R1b2 Qf6 35. Qb1 Kg8 36. Rxb7 Bxb7 37. Rxb7 Re8 38. Rc7 h4 39.
Rxc6 Qf5 40. Rg6+ Kf8 41. Rg5 Qf6 42. Nd7+ 1-0

[Event "Late-Titled-Tuesday-Blitz-February-27-2024"]
[Site "Chess.com"]
[Date "2024.02.27"]
[Round "10"]
[White "lluiss"]
[Black "ChessFanNM"]
[Result "0-1"]
[WhiteElo "2123"]
[BlackElo "2301"]
[TimeControl "180+1"]
[EndTime "15:55:33 PST"]
[Termination "ChessFanNM won on time"]

1. e4 e5 2. Nf3 Nc6 3. Bb5 a6 4.
Ba4 b5 5. Bb3 Na5 6. Bxf7+ Kxf7 7.
Nxe5+ Ke7 8. O-O Bb7 9. d4 Qe8 10. Bg5+ Nf6 11. Qe1 h6 12. Bxf6+ gxf6 13. Qxa5 fxe5 14.
Qxc7 Bxe4 15. Qxe5+ Kd8 16. Qxh8 Kc7 17. f3 Bb7 18. Nc3 Qg6 19. Rae1 Bg7 20. Qxa8 Bxa8 21. Ne2 Kb6 22. c3 Bd5 23. Ng3 Bxa2 24. Re7 Be6 25.
Re1 h5 26. Ne4 Bf8 27. Rxe6+ dxe6 0-1

[Event "Late-Titled-Tuesday-Blitz-February-27-2024"]
[Site "Chess.com"]
[Date "2024.02.27"]
[Round "10"]
[White "Orion2127989"]
[Black "Anna20240"]
[Result "1-0"]
[WhiteElo "2146"]
[BlackElo "1917"]
[TimeControl "180+1"]
[EndTime "15:55:38 PST"]
[Termination "Orion2127989 won on time"]

1. d4 d5 2. Nf3 c6 3. c4 Nf6 4.
Nc3 dxc4 5. e3 Bf5 6. Bxc4 e6 7. a3 Nbd7 8. O-O Be7 9. Re1 O-O 10.
e4 Bg6 11. Bf4 c5 12. d5 exd5 13. exd5 Nb6 14. d6 Bxd6 15. Bxd6 Nxc4 16. Bxf8 Qxf8 17. Qe2 Nb6 18. Qb5 Rc8 19. Rad1 Bh5 20. Rd3 c4 21. Rde3 Bxf3 22. gxf3 h6 23. Qe5 Rc5 24.
Qe7 Qxe7 25. Rxe7 Nbd5 26. Rxb7 Nxc3 27. bxc3 a5 28. a4 Nd5 29. Rc1 Nf6 30. Rb5 1-0

[Event "Late-Titled-Tuesday-Blitz-February-27-2024"]
[Site "Chess.com"]
[Date "2024.02.27"]
[Round "10"]
[White "jcibarra"]
[Black "NateSolon"]
[Result "1-0"]
[WhiteElo "2917"]
[BlackElo "2680"]
[TimeControl "180+1"]
[EndTime "15:55:40 PST"]
[Termination "jcibarra won on time"]

1. e4 c5 2. Nf3 Nf6 3. e5 Nd5 4. d4 cxd4 5. Qxd4 e6 6. a3 Nc6 7.
Qd1 Qc7 8. c4 Nde7 9. Nc3 Nxe5 10. Nb5 Nxf3+ 11. Qxf3 Qe5+ 12. Be2 Ng6 13. Qg3 Qxg3 14.
hxg3 Kd8 15. Be3 b6 16. Bf3 d5 17. cxd5 Ne5 18. Be4 Bb7 19. O-O-O Rc8+ 20. Kb1 Ke8 21. Nxa7 Rc4 22. Bd4 exd5 23. Bc2 Rxd4 24. Rxd4 Bc5 25.
Rd2 Kd7 26. Ba4+ Ke6 27. Nb5 Nc4 28. Re2+ Kf6 29. Rd1 Rd8 30. Nc3 d4 31. Ne4+ Kg6 32. Bb5 Nd6 33. Nxd6 Rxd6 34. b4 1-0

[Event "Late-Titled-Tuesday-Blitz-February-27-2024"]
[Site "Chess.com"]
[Date "2024.02.27"]
[Round "10"]
[White "Matalon"]
[Black "AcostaPablo"]
[Result "1/2-1/2"]
[WhiteElo "2473"]
[BlackElo "2626"]
[TimeControl "180+1"]
[EndTime "15:55:41 PST"]
[Termination "Game drawn by repetition"]

1. e4 e6 2. d4 d5 3. Nd2 Nf6 4. Bd3 c5 5. e5 Nfd7 6. c3 Nc6 7. Ne2 f6 8. exf6 Qxf6 9. Nf3 Bd6 10. Bg5 Qf7 11. Bh4 e5 12. dxe5 Ndxe5 13. Nxe5 Bxe5 14. O-O O-O 15. Bg3 Bf6 16. Bd6 Be7 17. Bxe7 Qxe7 18. Ng3 Ne5 19. Re1 Qf6 20. Bxh7+ Kh8 21. Qc2 g6 22.
Rxe5 Qxe5 23. Bxg6 Bg4 24. h3 Bd7 25. Qd2 Kg7 26.
Re1 Qxe1+ 27. Qxe1 Kxg6 28. Qe7 Bc6 29. Qxc5 Rae8 30. h4 Re1+ 31. Kh2 Rf4 32. h5+ Kg5 33. Nh1 Rh4+ 34. Kg3 Rg4+ 35. Kh2 Rh4+ 36. Kg3 Rhxh1 37. Qf8 Kxh5 38. Qf5+ Kh6 39. Qf6+ Kh7 40. Qf7+ Kh8 41. Qf8+ Kh7 42. Qf6 Re8 43. Qf7+ Kh8 44. Qf6+ Kg8 45. Qg6+ Kh8 46. Qf6+ Kh7 47. Qf7+ Kh6 48. Qf6+ Kh7 1/2-1/2